 Dungeon Crawl Stone Soup version 0.29-a0-550-g81e455f4c2 (webtiles) character file.

Game seed: 3665295708854850259

926 Essalna the Insei (level 7, -2/59 HPs)
             Began as a Black Draconian Transmuter on June 5, 2022.
             Was an Initiate of Elyvilon.
             Killed themself with a bounced orb of electricity (7 damage)
             ... on level 5 of the Dungeon.
             The game lasted 00:11:08 (4946 turns).

Essalna the Insei (Black Draconian Transmuter)      Turns: 4946, Time: 00:11:09

Health: -2/59      AC:  7    Str: 12    XL:     7   Next: 85%
Magic:  11/11      EV: 13    Int: 15    God:    Elyvilon [......]
Gold:   208        SH:  0    Dex: 12    Spells: 4/12 levels left

rFire   . . .      SeeInvis .     - Unarmed
rCold   . . .      Faith    .   (no shield)
rNeg    . . .      Spirit   .   (body armour unavailable)
rPois   .          Reflect  .   (helmet restricted)
rElec   +          Harm     .   (no cloak)
rCorr   .          Rampage  .   n - +0 pair of gloves
Will    .....                   (no boots)
Stlth   +.........              (no amulet)
HPRegen 0.19/turn               (no ring)
MPRegen 0.12/turn               (no ring)

@: no status effects
A: breathe lightning, AC +6, unfitting armour, electricity resistance,
cold-blooded
a: Breathe Lightning, Renounce Religion


You were on level 5 of the Dungeon.
You worshipped Elyvilon.
Elyvilon was noncommittal.
You visited 2 branches of the dungeon, and saw 6 of its levels.

You collected 208 gold pieces.

Inventory:

Armour
 n - a +0 pair of gloves (worn)
Magical Staves
 p - a staff of death
Wands
 u - a wand of iceblast (6)
 v - a wand of digging (5)
Scrolls
 b - a scroll of torment {unknown}
 d - a scroll of fear {unknown}
 f - 3 scrolls of vulnerability {unknown}
 g - 7 scrolls of identify {unknown}
 i - 2 scrolls of teleportation {unknown}
 k - a scroll of immolation {unknown}
 l - a scroll of fog {unknown}
 r - a scroll of amnesia {unknown}
 w - a scroll of silence {unknown}
Potions
 a - 4 potions of lignification
 c - 2 potions of magic {unknown}
 e - a potion of resistance {unknown}
 h - 2 potions of flight {unknown}
 j - 2 potions of attraction {unknown}
 m - a potion of ambrosia {unknown}
 o - 2 potions of might
 q - 2 potions of heal wounds {unknown}
 s - 2 potions of curing {unknown}
 t - 2 potions of brilliance {unknown}


   Skills:
 + Level 4.0 Fighting
 + Level 3.7 Dodging
 + Level 4.7 Unarmed Combat
 - Level 3.0 Spellcasting
 + Level 4.2 Transmutations
 + Level 2.5 Ice Magic
 + Level 2.7 Poison Magic


You had 4 spell levels left.
You knew the following spells:

 Your Spells              Type           Power      Damage    Failure   Level
a - Beastly Appendage     Tmut           28%        N/A       3%          1
b - Spider Form           Tmut/Pois      12%        N/A       14%         3
c - Ice Form              Ice/Tmut       12%        N/A       45%         4

Your spell library contained the following spells:

 Spells                   Type           Power      Damage    Failure   Level
 Wereblood                Tmut           14%        N/A       5%          2


Dungeon Overview and Level Annotations

Branches:
Dungeon (5/15)             Temple (1/1) D:4

Altars:
Ashenzari
Cheibriados
Dithmenos
Elyvilon
Fedhas
Gozag
Hepliaklqana
Kikubaaqudgha
Nemelex Xobeh
Okawaru
Qazlal
Ru
Trog
Vehumet
Xom
Yredelemnul
Zin
The Shining One
Beogh

Shops:
D:2 *[   D:4 (


Innate Abilities, Weirdness & Mutations

You can breathe wild blasts of lightning.
Your glossy black scales are hard. (AC +6)
You cannot fit into any form of body armour.
You are resistant to electric shocks. (rElec)
You are cold-blooded and may be slowed by cold attacks.


Message History

You closely miss the scorpion.
You claw the scorpion, but do no damage.
You headbutt the scorpion.
The scorpion is severely wounded.
The scorpion closely misses you.
You hit the scorpion but do no damage.
You claw the scorpion, but do no damage.
Your headbutt misses the scorpion.
The scorpion is severely wounded.
The scorpion stings you but does no damage.
The scorpion closely misses you.
You barely miss the scorpion. You claw the scorpion.
Your tail-slap misses the scorpion.
The scorpion is almost dead.
Your horns disappear.
Your talons disappear.
The scorpion closely misses you. The orc hits you with a +0 flail.
You barely miss the scorpion.
The scorpion is almost dead.
The scorpion stings you but does no damage.
You hit the scorpion but do no damage. You punch the scorpion.
You kill the scorpion!
The orc completely misses you.
You hit the orc but do no damage. The orc hits you with a +0 short sword.
* * * LOW HITPOINT WARNING * * *
The orc closely misses you.
Activating: Breathe Lightning (5% risk of failure)
Press: ? - help, Dir - look around, f - activate You breathe a wild blast of lightning!
The orb of electricity explodes!
The orb of electricity engulfs the orc.
The orc is severely wounded.
The orb of electricity engulfs you! You resist.
* * * LOW HITPOINT WARNING * * *
The orb of electricity engulfs the orc.
The orc is heavily wounded.
You hear a mighty clap of thunder!
The bolt of lightning hits the orc!!
You kill the orc!
The orb of electricity explodes! x2; The orb of electricity engulfs you!
You resist.
You die...

.. .# .. .# . .#
#. .# # #.# ##.##
#. ..##.#.# ##.
#o#.)#####. #...
#@)........
#...###.#)#####..
### #...##.# ...
##.###.. .##.#
#.# ####
#.)..##.#
#......#
#....#..# .##.
#..#


You could see an orc.

Vanquished Creatures
  An ogre (D:5)
  2 phantoms
  A necrophage (D:5)
  3 scorpions
  A hound (D:5)
  3 orc priests
  2 iguanas
  5 orc wizards
  3 adders
  5 adder zombies (D:2)
  3 adder skeletons (D:2)
  A worm (D:2)
  2 dart slugs
  10 orcs
  2 bats
  13 endoplasms
  6 giant cockroaches
  5 goblins
  10 hobgoblins
  7 quokkas
  5 ball pythons
  A ball python skeleton (D:2)
  4 frilled lizards
  10 kobolds
  4 rats
109 creatures vanquished.

Notes
Turn   | Place    | Note
-------+----------+-------------------------------------------
     0 | D:1      | Essalna the Draconian Transmuter began the quest for the
                  | Orb.
     0 | D:1      | Reached XP level 1. HP: 16/16 MP: 3/3
   245 | D:1      | Reached XP level 2. HP: 20/23 MP: 3/5
   689 | D:1      | You fall into a shaft and drop 1 floor!
   708 | D:2      | Reached XP level 3. HP: 28/29 MP: 4/6
   747 | D:2      | Found Niacat's General Store.
  1539 | D:2      | Reached XP level 4. HP: 34/36 MP: 5/7
  1543 | D:2      | Learned a level 3 spell: Spider Form
  1600 | D:2      | Found an iron altar of Okawaru.
  1635 | D:2      | Found Sikhe's Antique Armour Emporium.
  2523 | D:3      | Reached XP level 5. HP: 10/42 MP: 8/8
  2787 | D:3      | Learned a level 4 spell: Ice Form
  3395 | D:4      | Reached skill level 1 in Poison Magic
  3584 | D:4      | Noticed a phantom
  3601 | D:4      | Killed a phantom
  3602 | D:4      | Reached skill level 1 in Ice Magic
  3602 | D:4      | Reached XP level 6. HP: 48/51 MP: 9/9
  4023 | D:4      | Found Haigh's Weapon Emporium.
  4049 | D:4      | Found a staircase to the Ecumenical Temple.
  4090 | Temple   | Entered the Ecumenical Temple
  4171 | Temple   | Became a worshipper of Elyvilon the Healer
  4536 | D:5      | Entered Level 5 of the Dungeon
  4581 | D:5      | Your scales start taking on a glossy black colour.
  4581 | D:5      | Reached XP level 7. HP: 50/57 MP: 11/11
  4581 | D:5      | Gained mutation: You are resistant to electric shocks.
                  | (rElec) [Black Draconian growth]
  4946 | D:5      | Killed themself with a bounced orb of electricity

Illustrated notes

Levels and vault maps discovered:
D:1:      psy_arrival_conway, layout_basic
D:2:      layout_basic, serial_undead, serial_undead_d, serial_undead_c,
          serial_undead_a, serial_undead_b, serial_undead_c, serial_undead_f,
          serial_undead_f, serial_undead_d, basic_altar, serial_shops,
          nicolae_shop_advertising_works [nicolae_subvault_shop_adworks], shop,
          minmay_circle_x
D:3:      layout_basic, kennysheep_orc_chapel
D:4:      layout_loops_cross, temple_pool_b, serial_shops,
          nicolae_shop_bloodbath_and_beyond
D:5:      layout_loops_ring
Temple:   mainiacjoe_temple_coin_purse

Skill      XL: |  1  2  3  4  5  6  7 |
---------------+----------------------+-----
Dodging        | 2 3 |  3.7
Fighting       | 2 3 4 |  4.0
Transmutations | 3 4 |  4.2
Poison Magic   | 1 2 |  2.7
Unarmed Combat | 4 |  4.7
Ice Magic      | 1 2 |  2.5
Spellcasting   | 3 |  3.0

Action                   |  1- 3 |  4- 6 |  7- 9 || total
-------------------------+-------+-------+-------++-------
Melee: Unarmed           |   112 |   191 |    42 ||   345
       Kick              |    23 |    43 |    14 ||    80
       Headbutt          |    15 |    28 |     8 ||    51
       Tailslap          |     8 |    17 |     3 ||    28
       Punch             |     3 |     8 |     2 ||    13
 Cast: Beastly Appendage |    29 |    45 |     5 ||    79
 Abil: Breathe Lightning |       |       |     6 ||     6
  Use: Potion            |       |     1 |       ||     1
 Stab: Sleeping          |     1 |     2 |       ||     3
Armor: Skin              |    25 |    70 |    11 ||   106
Dodge: Dodged            |    62 |    97 |    22 ||   181

Table legend: (Time is in decaauts)
 A = Elapsed time spent in this place.
 B = Non-inter-level travel time spent in this place.
 C = Inter-level travel time spent in this place.
 D = Time resting spent in this place.
 E = Time spent auto-exploring this place.
 F = Levels seen in this place.
 G = Mean time per level.
                   A        B        C        D        E       F      G
               +--------+--------+--------+--------+--------+-----+--------+
         Total |   4934 |   4858 |     76 |      0 |   3997 |   6 |  822.3 |
       Dungeon |   4798 |   4738 |     60 |      0 |   3894 |   5 |  959.6 |
        Temple |    135 |    119 |     16 |      0 |    103 |   1 |  135.0 |
               +--------+--------+--------+--------+--------+-----+--------+

Top non-repeatable levels by time:
     D:2: 1213 daAuts
     D:3: 1093 daAuts
     D:4: 1080 daAuts
     D:1: 1006 daAuts
     D:5: 405 daAuts
  Temple: 135 daAuts
